[Event "82nd Brazilian-ch 2015"]
[Site "Rio de Janeiro"]
[Date "2016.01.13"]
[Round "6"]
[White "Mekhitarian, Krikor Sevag"]
[Black "Leitao, Rafael Duailibe"]
[Result "1-0"]
[ECO "B90"]
[WhiteElo "2555"]
[BlackElo "2633"]
[PlyCount "129"]
[EventDate "2016.??.??"]
[EventCountry "BRA"]
[TimeControl "5400+30"]

1. e4 c5 2. Nf3 d6 3. d4 cxd4 4. Nxd4 Nf6 5. Nc3 a6 6. Be3 e5 7. Nb3 Be6 8. f3 Nbd7 9. Qd2 h5 10. O-O-O Be7 11. Kb1 Qc7 12. Nd5 Bxd5 13. exd5 Nb6 14. Qa5 Rc8 15. c3 Nc4 16. Qxc7 Rxc7 17. Bf2 Bd8 18. Bd3 O-O 19. Rhe1 g6 20. h3 Kg7 21. g3 Nd7 22. f4 b5 23. f5 Nf6 24. Bc2 Rc8 25. Nd2
Nxd2+ 26. Rxd2 Rb8 27. Be3 Bb6 28. Bg5 Bd8 29. Be3 Bb6 30. Bg5 Bd8 31. Rf1 Nh7 32. Be3 Bb6 33. Bxb6 Rxb6 34. Rdf2 Nf6 35. fxg6 fxg6 36. Be4 Rbb8 37. Bg2 b4 38. cxb4 Rxb4 39. Rc1 Nd7 40. Rxf8 Kxf8 41. Rc6 Rb6 42. h4 Ke7 43. Bh3 Rb7 44. Rxa6 Nc5 45. Ra8 Rb4 46. Bg2 e4 47. Kc2 Rd4 48. Ra3 Kf6 49. Re3 Ke5 50. a3 Rc4+ 51. Rc3 Rd4 52. Re3 Rc4+ 53. Rc3 Rd4 54. b4 Nd3 55. Bf1 Ne1+ 56. Kc1 Rxd5 57. b5 Nd3+ 58. Bxd3 exd3 59. Rb3 Kd4 60. Kd2 Rf5 61. Rb4+ Kc5 62. b6 Rf2+ 63. Kxd3 Rf3+ 64. Ke4 Rxa3 65. b7 1-0

[Event "82nd Brazilian-ch 2015"]
[Site "Rio de Janeiro"]
[Date "2016.01.13"]
[Round "6"]
[White "Reis, Renan do Carmo"]
[Black "Teixeira, Ricardo da Silva"]
[Result "1-0"]
[ECO "C00"]
[WhiteElo "2254"]
[BlackElo "2234"]
[PlyCount "93"]
[EventDate "2016.??.??"]
[EventCountry "BRA"]
[TimeControl "5400+30"]

1. e4 e6 2. d3 d5 3. Nd2 Nf6 4. Ngf3 b6 5. c3 Bb7 6. e5 Nfd7 7. d4 c5 8. Bd3
Nc6 9. a3 Be7 10. O-O g5 11. b4 c4 12. Bc2 Qc7 13. a4 g4 14. Ne1 h5 15. f3
O-O-O 16. b5 Ncxe5 17. dxe5 Qxe5 18. Nb1 Bc5+ 19. Kh1 h4 20. fxg4 h3 21. Bf4
hxg2+ 22. Nxg2 Qg7 23. Qe2 Rdg8 24. Bd1 e5 25. Be3 d4 26. Bg1 d3 27. Qe1 Rh3
28. Nd2 Rgh8 29. Bf3 Bxf3 30. Rxf3 Qxg4 31. Rxh3 Qxh3 32. Nf1 Bxg1 33. Kxg1 f5
34. Qg3 Qh5 35. a5 f4 36. Qg7 Qh7 37. Qxh7 Rxh7 38. Nd2 Nc5 39. axb6 axb6 40.
Nxc4 f3 41. Nge3 Ne4 42. Nxe5 Rg7+ 43. Kf1 f2 44. N5g4 Rf7 45. Ra2 d2 46. Nd1
Nxc3 47. Nxc3 1-0

[Event "82nd Brazilian-ch 2015"]
[Site "Rio de Janeiro"]
[Date "2016.01.13"]
[Round "6"]
[White "Santos, Marcus Vinicius M"]
[Black "Santiago, Yago De Moura"]
[Result "0-1"]
[ECO "A50"]
[WhiteElo "2367"]
[BlackElo "2422"]
[PlyCount "68"]
[EventDate "2016.??.??"]
[EventCountry "BRA"]
[TimeControl "5400+30"]

1. d4 Nf6 2. c4 b6 3. Nc3 Bb7 4. d5 e6 5. a3 Bd6 6. Nf3 O-O 7. g3 exd5 8.
cxd5 c6 9. Bg2 Na6 10. Nd4 Be5 11. O-O c5 12. Nf5 d6 13. f4 Bxc3 14. bxc3 Bc8 15. Ne3 Re8 16. Qd3 b5 17. c4 bxc4 18. Nxc4 Nc7 19. e4 Ba6 20. Bd2 Nd7 21. Qc2 Bxc4 22. Qxc4 Nb6 23. Qd3 Qd7 24. Rae1 Qa4 25. e5 c4 26. Qf3 Ncxd5 27. exd6 Qd7 28. Rd1 Rad8 29. Rfe1 Qxd6 30. Rxe8+ Rxe8 31. Bb4 Qc7 32. Rxd5 Nxd5 33.
Qxd5 c3 34. Bc5 c2 0-1

[Event "82nd Brazilian-ch 2015"]
[Site "Rio de Janeiro"]
[Date "2016.01.12"]
[Round "4"]
[White "Barbosa, Evandro Amorim"]
[Black "Choma, Ernani Francisco"]
[Result "1/2-1/2"]
[ECO "B31"]
[WhiteElo "2461"]
[BlackElo "2383"]
[PlyCount "52"]
[EventDate "2016.??.??"]
[EventCountry "BRA"]
[TimeControl "5400+30"]

1. e4 c5 2. Nf3 Nc6 3. Bb5 g6 4. O-O Bg7 5. c3 Nf6 6. e5 Nd5 7. d4 cxd4 8. cxd4 O-O 9. Nc3 Nxc3 10.
bxc3 d6 11. exd6 Qxd6 12. a4 Be6 13. Ba3 Qc7 14. Re1 a6 15.
Bd3 Na5 16. Rb1 Qxc3 17.
Bxe7 Rfe8 18. Bb4 Qc7 19. Rc1 Nc6 20. Be4 Qd7 21. Bxc6 bxc6 22. Ne5 Bxe5 23. Rxe5 Bd5 24. h3 f6 25. Rxe8+ Rxe8 26. Qd2 Qe6 1/2-1/2

[Event "82nd Brazilian-ch 2015"]
[Site "Rio de Janeiro"]
[Date "2016.01.12"]
[Round "4"]
[White "Limp, Eduardo Thelio"]
[Black "Leitao, Rafael Duailibe"]
[Result "0-1"]
[ECO "A48"]
[WhiteElo "2385"]
[BlackElo "2633"]
[PlyCount "135"]
[EventDate "2016.??.??"]
[EventCountry "BRA"]
[TimeControl "5400+30"]

1. d4 Nf6 2. Nf3 g6 3. c3 Bg7 4. Bg5 c5 5. e3 O-O 6. Nbd2 b6 7. Be2 Bb7 8. O-O Nc6 9. Bxf6 Bxf6 10. dxc5 Rb8 11. Ne4 Bg7 12. Qa4 Ba8 13. Rab1 bxc5 14. Nxc5 d6 15. Nb3 Rb6 16. Rbd1 Qb8 17. Rd2 e6 18. e4 Ne7 19. Rfd1 Bh6 20. Rd4 Bg7 21. R4d2 d5 22. exd5 Nxd5 23. g3 Nf6 24. Ne1 Ne4 25. Rd3 Bd5 26. Ra1 Rc8 27. Re3 Nd6 28. Bf1 Nc4 29. Re2 Bf8 30. Nd3 Bb7 31. Nbc1 Bf3 32. Re1 Bg7 33. Bg2 Bxg2 34. Kxg2 Qb7+ 35. Kg1 Nxb2 36. Nxb2 Bxc3 37. Ncd3 Bxb2 38. Rab1 Bf6 39. Rxb6 Qxb6 40. Nf4 Bd4 41. Rf1 Rd8 42. h4 h5 43. Qc2 Kg7 44. Rb1 Qc5 45. Qe2 Rd7 46. Kg2 Be5 47. Nh3 Bf6 48.
Rd1 Rxd1 49. Qxd1 Bd4 50. Qe2 Qe5 51. Qf3 Qf6 52. Qe2 Bb6 53.
Ng5 Qf5 54. Nh3 Qd5+ 55. Kg1 Bd8 56. Qb2+ Bf6 57. Qe2 Qd4 58. Kg2 a5 59. Ng1 a4 60. Nh3 Qd5+ 61. Kg1 Qe5 62. Qc4 Qd4 63. Qe2 Qg4 64. Qxg4 hxg4 65. Nf4 Bd4 66. Kf1 Kf6 67. Ke2 Kf5 68. Nd3 {[%emt 0:01:19] Ke5} 0-1

[Event "82nd Brazilian-ch 2015"]
[Site "Rio de Janeiro"]
[Date "2016.01.12"]
[Round "4"]
[White "Macedo, Maximo Iack"]
[Black "Mekhitarian, Krikor Sevag"]
[Result "0-1"]
[ECO "A13"]
[WhiteElo "2316"]
[BlackElo "2555"]
[PlyCount "70"]
[EventDate "2016.??.??"]
[EventCountry "BRA"]
[TimeControl "5400+30"]

1. Nf3 Nf6 2. c4 e6 3. g3 d5 4. Bg2 dxc4 5. Qa4+ Bd7 6.
Qxc4 c5 7. Ne5 Qc8 8. Nc3 Nc6 9. Nxd7 Qxd7 10. O-O Rc8 11. a4 Be7 12. a5 O-O 13. d3 Rfd8 14. Rd1 Nd5 15. Kf1 Ndb4 16. Bd2 Nd4 17. Na2 Nbc6 18. Nc3 Nc2 19. Rac1 N2b4 20. Ra1 a6 21. Ne4 Nd4 22. Bc3 h6 23. Bxd4 cxd4 24. Qb3 Rc7 25. Nd2 Qb5 26. Nc4 h5 27. Qa4 Qc5 28. Bf3 h4 29. Rac1 Qg5 30. Kg2 Rdc8 31. Qb3 g6 32. Rb1 Kg7 33. Nd2 Qxa5 34. Ra1 Qb5 35. Ne4 a5 0-1

[Event "82nd Brazilian-ch 2015"]
[Site "Rio de Janeiro"]
[Date "2016.01.12"]
[Round "4"]
[White "Reis, Renan do Carmo"]
[Black "Brito, Luismar"]
[Result "1-0"]
[ECO "B40"]
[WhiteElo "2254"]
[BlackElo "2235"]
[PlyCount "83"]
[EventDate "2016.??.??"]
[EventCountry "BRA"]
[TimeControl "5400+30"]

1. e4 c5 2. Nf3 e6 3. b3 Nc6 4. Bb2 d6 5. d4 cxd4 6. Nxd4 Nf6 7. Bd3 e5 8. Ne2
Be7 9. c4 O-O 10. Nbc3 Bg4 11. f3 Be6 12. Nd5 Ne8 13. O-O g6 14. f4 Ng7 15.
Nxe7+ Nxe7 16. fxe5 Nc6 17. exd6 Qxd6 18. Nf4 Rad8 19. Nd5 Bxd5 20. exd5 Ne5
21. Bc2 f6 22. Qd4 b6 23. a4 Rf7 24. Rae1 Re8 25. Qh4 Nd7 26. Rxe8+ Nxe8 27.
Re1 Re7 28. Bd4 Ne5 29. h3 Kg7 30. Qf2 Qb4 31. Re2 Nd7 32. Bc3 Rxe2 33. Bxb4
Rxf2 34. Kxf2 Nc5 35. Ke3 Kf7 36. Kd4 Nb7 37. Ba3 a5 38. c5 bxc5+ 39. Bxc5 f5
40. b4 axb4 41. Bxb4 Ned6 42. Bd3 1-0

[Event "82nd Brazilian-ch 2015"]
[Site "Rio de Janeiro"]
[Date "2016.01.12"]
[Round "4"]
[White "Santos, Marcus Vinicius M"]
[Black "Souza, Rafael Cabral de"]
[Result "1-0"]
[ECO "D36"]
[WhiteElo "2367"]
[BlackElo "2159"]
[PlyCount "125"]
[EventDate "2016.??.??"]
[EventCountry "BRA"]
[TimeControl "5400+30"]

1. d4 Nf6 2. c4 e6 3. Nc3 d5 4. cxd5 exd5 5. Bg5 c6 6. Qc2 Be7 7. e3 Nbd7 8.
Bd3 Nf8 9. Nf3 Ne6 10. Bh4 g6 11. O-O Ng7 12. b4 a6 13. Rab1 O-O 14. a4 Bf5 15.
Bxf5 Nxf5 16. Bxf6 Bxf6 17. b5 axb5 18. axb5 Nd6 19. bxc6 bxc6 20. Nd2 Ra6 21.
Na4 Nb5 22. Nc5 Ra7 23. Ra1 Qb6 24. Rxa7 Qxa7 25. Ndb3 Ra8 26. Nd3 Qb6 27. Rc1
Rc8 28. Nbc5 Qd8 29. Ra1 Be7 30. Ne5 Bd6 31. Nb7 Qb6 32. Nxd6 Nxd6 33. Rc1 Nb7
34. g3 Kg7 35. Qa2 f6 36. Rb1 Qc7 37. Qa6 Nd8 38. Nd3 Rb8 39. Rxb8 Qxb8 40. Nc5
h5 41. Kg2 g5 42. h3 Qc7 43. Qa8 Kg6 44. g4 Kh6 45. gxh5 Kxh5 46. Qa2 Kg6 47.
Qc2+ Kh6 48. Qf5 Qe7 49. Kf3 Nf7 50. Qc8 Nd8 51. Kg4 Qe8 52. Qf5 Qh5+ 53. Kg3
Qf7 54. Qc8 Qe7 55. Qf5 Nf7 56. Kg4 Nd6 57. Qe6 Qf8 58. Nd7 Qf7 59. Qxd6 Qh5+
60. Kg3 Qh4+ 61. Kg2 Qe4+ 62. Kg1 Qb1+ 63. Kh2 1-0

[Event "82nd Brazilian-ch 2015"]
[Site "Rio de Janeiro"]
[Date "2016.01.12"]
[Round "4"]
[White "Teixeira, Ricardo da Silva"]
[Black "Santiago, Yago De Moura"]
[Result "0-1"]
[ECO "A13"]
[WhiteElo "2234"]
[BlackElo "2422"]
[PlyCount "80"]
[EventDate "2016.??.??"]
[EventCountry "BRA"]
[TimeControl "5400+30"]

1. Nf3 Nf6 2. c4 e6 3. g3 d5 4. Bg2 dxc4 5. O-O Nbd7 6. Qa4 a6 7. Qxc4 b5 8.
Qc2 Bb7 9. a4 c5 10. d3 Be7 11. Nc3 Bc6 12. axb5 axb5 13. Rxa8 Qxa8 14. Ne1 Nd5
15. Nxd5 Bxd5 16. e4 Bc6 17. Qe2 O-O 18. Nc2 Re8 19. Be3 Qa2 20. b4 cxb4 21.
Ra1 Qb2 22. Qd1 Qf6 23. Rb1 e5 24. Nxb4 Bxb4 25. Rxb4 Qd6 26. Qb1 Nc5 27. Bf1
Ne6 28. Qb2 Rd8 29. Rb3 h6 30. h4 f5 31. Bg2 f4 32. Bc1 Nd4 33. Rc3 Bd7 34. Ra3
fxg3 35. fxg3 Qg6 36. Kh2 Rf8 37. Be3 Nf3+ 38. Bxf3 Rxf3 39. Bf2 Qg4 40. Kg2
Rf8 0-1

[Event "82nd Brazilian-ch 2015"]
[Site "Rio de Janeiro"]
[Date "2016.01.15"]
[Round "9"]
[White "Barbosa, Evandro Amorim"]
[Black "Santos, Marcus Vinicius M"]
[Result "1-0"]
[ECO "B06"]
[WhiteElo "2461"]
[BlackElo "2367"]
[PlyCount "77"]
[EventDate "2016.??.??"]
[EventCountry "BRA"]
[TimeControl "5400+30"]

1. e4 g6 2. d4 Bg7 3. Nc3 d6 4. Be3 a6 5. Qd2 b5 6. a4 b4 7. Nd1 Bb7 8. f3 a5 9. c3 bxc3 10. bxc3 Nd7 11. Bd3 Ngf6 12. Ne2 e5 13. O-O d5 14. Nf2 O-O 15.
Bh6 c5 16. Bxg7 Kxg7 17. Rab1 Qc7 18. Ng3 h6 19. Bb5 Rfd8 20. Ng4 Nxg4 21. fxg4 Nf8 22. Qf2 cxd4 23. cxd4 Qe7 24. dxe5 dxe4 25. Rbe1 Ne6 26. Nxe4 Rd4 27. Nd6 Rf4 28. Qg3 Rxf1+ 29. Rxf1 Rf8 30. Bc4 Bc6 31. h4 Qa7+ 32. Kh2 Qd4 33. Rf6 Bd5 34. Bd3 Qb2 35. Nf5+ Kh7 36. Ne3 Bb3 37. h5 Qd4 38. hxg6+ Kg8 39. Nf5 1-0

[Event "82nd Brazilian-ch 2015"]
[Site "Rio de Janeiro"]
[Date "2016.01.15"]
[Round "9"]
[White "Brito, Luismar"]
[Black "Macedo, Maximo Iack"]
[Result "1/2-1/2"]
[ECO "B08"]
[WhiteElo "2235"]
[BlackElo "2316"]
[PlyCount "29"]
[EventDate "2016.??.??"]
[EventCountry "BRA"]
[TimeControl "5400+30"]

1. e4 g6 2. d4 Bg7 3. Be2 d6 4. Nf3 Nf6 5. Nc3 O-O 6. O-O Na6 7. h3 c5 8. d5 e6
9. Re1 exd5 10. exd5 Nc7 11. a4 b6 12. Ra3 Bb7 13. Bc4 Re8 14. Rxe8+ Qxe8 15.
Qd3 1/2-1/2

[Event "82nd Brazilian-ch 2015"]
[Site "Rio de Janeiro"]
[Date "2016.01.15"]
[Round "9"]
[White "Choma, Ernani Francisco"]
[Black "Leitao, Rafael Duailibe"]
[Result "1/2-1/2"]
[ECO "A06"]
[WhiteElo "2383"]
[BlackElo "2633"]
[PlyCount "76"]
[EventDate "2016.??.??"]
[EventCountry "BRA"]
[TimeControl "5400+30"]

1. Nf3 d5 2. g3 Nf6 3. Bg2 c6 4. c4 Bg4 5. Ne5 Be6 6. cxd5 Bxd5 7. Nf3 c5 8. Nc3 Bc6 9. O-O e6 10. d4 Nbd7 11. Re1 cxd4 12. Nxd4 Bxg2 13. Kxg2 Bc5 14. Nb3 Bb4 15. Bd2 O-O 16. a3 Be7 17. Bf4 Qb6 18.
e4 Rfd8 19. Qc2 e5 20. Be3 Qe6 21. f3 Rac8 22. Red1 a6 23. Rd3 Nb6 24. Na5 Nc4 25. Nxc4 Qxc4 26. Rad1 h6 27. Rxd8+ Bxd8 28. Qa4 Qxa4 29. Nxa4 Be7 30. Rc1 Rxc1 31. Bxc1 b5 32. Nc3 Bc5 33. Kf1 Kf8 34. Ke2 Ke7 35. Kd3 Kd6 36. Bd2 Kc6 37. b4 Bd4 38. Nd1 h5 1/2-1/2

[Event "82nd Brazilian-ch 2015"]
[Site "Rio de Janeiro"]
[Date "2016.01.15"]
[Round "9"]
[White "Santiago, Yago De Moura"]
[Black "Mekhitarian, Krikor Sevag"]
[Result "0-1"]
[ECO "A22"]
[WhiteElo "2422"]
[BlackElo "2555"]
[PlyCount "60"]
[EventDate "2016.??.??"]
[EventCountry "BRA"]
[TimeControl "5400+30"]

1. c4 Nf6 2. Nc3 e5 3. g3 Bb4 4. Nd5 Nxd5 5. cxd5 O-O 6. Bg2 d6 7. e3 c6 8. a3 Ba5 9. dxc6 Nxc6 10. Ne2 d5 11. b4 Bb6 12. d3 a6 13. O-O Re8 14.
Kh1 Be6 15. f4 Qd7 16. fxe5 Nxe5 17. Nf4 f6 18. d4 Nf7 19. Nxe6 Qxe6 20. Qf3 Rad8 21. h4 Nh6 22. Bd2 f5 23. Qh5 Rf8 24. Qf3 Ng4 25. Rac1 g6 26. Rc2 Rfe8 27. Rfc1 Nxe3 28. Re1 Bxd4 29. Rc3 Bxc3 30. Rxe3 Be5 0-1

[Event "82nd Brazilian-ch 2015"]
[Site "Rio de Janeiro"]
[Date "2016.01.15"]
[Round "9"]
[White "Souza, Rafael Cabral de"]
[Black "Reis, Renan do Carmo"]
[Result "1-0"]
[ECO "B94"]
[WhiteElo "2159"]
[BlackElo "2254"]
[PlyCount "69"]
[EventDate "2016.??.??"]
[EventCountry "BRA"]
[TimeControl "5400+30"]

1. e4 c5 2. Nf3 d6 3. d4 cxd4 4. Nxd4 Nf6 5. Nc3 a6 6. Bg5 Nbd7 7. f4 Qc7 8.
Qe2 e6 9. O-O-O Be7 10. g4 b5 11. a3 Rb8 12. Bg2 b4 13. axb4 Rxb4 14. e5 dxe5
15. Nc6 Bb7 16. Nxb4 Bxb4 17. Bxb7 Qxb7 18. Na2 exf4 19. Bxf4 O-O 20. Nxb4 Qxb4
21. Bd6 Qa4 22. Bxf8 Kxf8 23. Kb1 Nd5 24. Rhe1 N7b6 25. Qe5 Qb5 26. Qb8+ Ke7
27. Rd3 Qb4 28. Qb7+ Kf8 29. Rf1 f6 30. g5 Nc4 31. Qxb4+ Nxb4 32. Rd4 Ne3 33.
Rf3 Nexc2 34. Rd7 e5 35. Rc3 1-0

[Event "82nd Brazilian-ch 2015"]
[Site "Rio de Janeiro"]
[Date "2016.01.15"]
[Round "9"]
[White "Teixeira, Ricardo da Silva"]
[Black "Limp, Eduardo Thelio"]
[Result "1/2-1/2"]
[ECO "D02"]
[WhiteElo "2234"]
[BlackElo "2385"]
[PlyCount "143"]
[EventDate "2016.??.??"]
[EventCountry "BRA"]
[TimeControl "5400+30"]

1. d4 d5 2. Nf3 c6 3. c4 Nf6 4. Qc2 g6 5. Bf4 Bg7 6. cxd5 Nxd5 7. Bg3 O-O 8.
Nc3 Nxc3 9. bxc3 c5 10. e3 Nc6 11. Be2 cxd4 12. cxd4 Qa5+ 13. Qd2 Qxd2+ 14. Kxd2 Rd8 15. Kc3 Bf5 16. Rac1 Rac8 17. Kb3 Be4 18. Rhd1 Bd5+ 19. Kb2 e6 20. Bh4 f6 21. Bc4 Na5 22. Bxd5 exd5 23. Nd2 Kf7 24. Bg3 b6 25. Rxc8 Rxc8 26. Bd6 Ke6 27. Bb4 Nc4+ 28. Nxc4 Rxc4 29. Bd2 f5 30. Rc1 b5 31. Rc3 Bf8 32. f3 Bd6 33. h3 Kd7 34. Rxc4 bxc4 35. e4 fxe4 36. fxe4 Ke6 37. e5 Be7 38. g4 h5 39. Bc3 hxg4 40. hxg4 Kd7 41. Kc2 Kc6 42. a4 a6 43. Kd1 Bd8 44. Ke2 Kd7 45. Kf3 Ke6 46. Kf4 Be7 47. Kf3 Kf7 48.
Ke2 Kg7 49. Kd1 Bg5 50. Bd2 Bh4 51. Be1 Bd8 52. Ke2 Bb6 53.
Bc3 Bd8 54. Bd2 Be7 55. Bc3 Ba3 56. Kd1 Kf7 57. Kc2 Ke6 58.
Bd2 Be7 59. Kd1 Kd7 60. Ke2 Kc6 61. Bc3 Bd8 62. Kf3 Bh4 63.
Bd2 Be7 64. Ke2 Ba3 65. Bc3 Bc1 66. Kd1 Bf4 67. Ke2 Kd7 68.
Bd2 g5 69. Bc3 Ke6 70. Kd1 Kd7 71. Kc2 Be3 72. Kd1 1/2-1/2

[Event "82nd Brazilian-ch 2015"]
[Site "Rio de Janeiro"]
[Date "2016.01.16"]
[Round "10"]
[White "Leitao, Rafael Duailibe"]
[Black "Santiago, Yago De Moura"]
[Result "1/2-1/2"]
[ECO "E15"]
[WhiteElo "2633"]
[BlackElo "2422"]
[PlyCount "86"]
[EventDate "2016.??.??"]
[EventCountry "BRA"]
[TimeControl "5400+30"]

1. d4 Nf6 2. Nf3 e6 3. c4 b6 4. g3 Ba6 5. b3 Bb4+ 6. Bd2 Be7 7. Bg2 c6 8. Bc3 d5 9. Ne5 Nfd7 10. Nxd7 Nxd7 11. Nd2 O-O 12. O-O Rc8 13. Re1 c5 14. cxd5 exd5 15. a3 Nf6 16. Qb1 Re8 17. Qb2 Bf8 18. dxc5 bxc5 19. Bxf6 gxf6 20. e3 Bb7 21. Qc2 Qb6 22. Rad1 Rcd8 23. Nb1 d4 24. Bxb7 Qxb7 25. Nd2 d3 26. Qc4 f5 27. Qf4 Rd5 28. Qf3 Qd7 29. e4 Rde5 30. Re3 Qe7 31. exf5 Rxe3 32. Qxe3 Qxe3 33. fxe3 Bh6 34. e4 Rb8 35. Kf2 Bxd2 36. Rxd2 Rxb3 37. Ke3 c4 38. Ra2 Rb1 39. Kd2 Kg7 40. Kc3 Rc1+ 41. Kd2 Rf1 42. Kc3 Rc1+ 43. Kd2 Rf1 1/2-1/2

[Event "82nd Brazilian-ch 2015"]
[Site "Rio de Janeiro"]
[Date "2016.01.16"]
[Round "10"]
[White "Limp, Eduardo Thelio"]
[Black "Barbosa, Evandro Amorim"]
[Result "0-1"]
[ECO "A48"]
[WhiteElo "2385"]
[BlackElo "2461"]
[PlyCount "68"]
[EventDate "2016.??.??"]
[EventCountry "BRA"]
[TimeControl "5400+30"]

1. d4 Nf6 2. Nf3 g6 3. c3 Bg7 4. Qc2 d5 5. Bf4 O-O 6. Nbd2 Nh5 7. Be5 f6 8. Bg3 e5 9. dxe5 Nxg3 10. hxg3 fxe5 11. e4 c6 12. O-O-O Qe7 13. Bd3 Na6 14. Rde1 Nc5 15. exd5 Nxd3+ 16. Qxd3 Bf5 17. Qc4 cxd5 18. Qxd5+ Be6 19. Qa5 Rac8 20. Ne4 b6 21. Qa4 b5 22. Qxb5 Bxa2 23. Nfg5 Bc4 24. Qa4 h6 25. Nf3 Qe6 26. Rd1 Rc6 27. Nd6 Bd5 28. Rxd5 Qxd5 29. Rd1 Qc5 30. Qb3+ Kh7 31. Rh1 Rxd6 32. Ng5+ Kh8 33. Qb7 Qd5 34. Rxh6+ Kg8 0-1

[Event "82nd Brazilian-ch 2015"]
[Site "Rio de Janeiro"]
[Date "2016.01.16"]
[Round "10"]
[White "Macedo, Maximo Iack"]
[Black "Teixeira, Ricardo da Silva"]
[Result "0-1"]
[ECO "A91"]
[WhiteElo "2316"]
[BlackElo "2234"]
[PlyCount "56"]
[EventDate "2016.??.??"]
[EventCountry "BRA"]
[TimeControl "5400+30"]

1. d4 e6 2. c4 f5 3. g3 Nf6 4. Bg2 Be7 5. Nc3 O-O 6. Nf3 d6 7. O-O a5 8. Re1
Ne4 9. Qc2 Nxc3 10. Qxc3 Nc6 11. e4 e5 12. dxe5 dxe5 13. c5 Bf6 14. exf5 Bxf5
15. Qb3+ Kh8 16. Qxb7 Nb4 17. Nxe5 Rb8 18. Nc6 Rxb7 19. Nxd8 Rb5 20. a4 Rb8 21.
Nc6 Nc2 22. Bf4 Nxa1 23. Rxa1 Rxb2 24. Rc1 Re8 25. Nxa5 Bd4 26. Nc4 Rxf2 27.
Be3 Rxe3 28. Nxe3 Bxe3 0-1

[Event "82nd Brazilian-ch 2015"]
[Site "Rio de Janeiro"]
[Date "2016.01.16"]
[Round "10"]
[White "Mekhitarian, Krikor Sevag"]
[Black "Brito, Luismar"]
[Result "1-0"]
[ECO "B90"]
[WhiteElo "2555"]
[BlackElo "2235"]
[PlyCount "93"]
[EventDate "2016.??.??"]
[EventCountry "BRA"]
[TimeControl "5400+30"]

1. e4 c5 2. Nf3 d6 3. d4 cxd4 4. Nxd4 Nf6 5. Nc3 a6 6. h3 e6 7. g4 Nfd7 8. Be3 Qc7 9. Bg2 Nc6 10. O-O Be7 11. Nce2 Nde5 12. c3 Bd7 13. f4 Nc4 14. Bc1 e5 15. Nf5 Qb6+ 16. Kh2 g6 17. Nxe7 Nxe7 18. Rf3 h5 19. g5 Bg4 20. Rd3 exf4 21. Qa4+ Nc6 22. Nxf4 N4e5 23. Rg3 h4 24. Re3 Be6 25. Nd5 Qd8 26. Re2 Kf8 27. Bf4 Nd3 28. Be3 Kg7 29. Rd1 Nde5 30. Nb6 Rb8 31. Red2 Qc7 32. Nd5 Qd8 33. Nb6 Qc7 34. Kh1 Rh5 35. Rxd6 Rd8 36. Rxd8 Nxd8 37. Qd4 Ndc6 38. Qd2 Rh8 39. Nd5 Qd8 40. Qf2 Rh5 41. Qf4 Rh8 42. Bb6 Qe8 43. b3 Bc8 44. Qf6+ Kh7 45. Qf2 Kg7 46. Bc5 Qe6 47. Nc7 1-0

[Event "82nd Brazilian-ch 2015"]
[Site "Rio de Janeiro"]
[Date "2016.01.16"]
[Round "10"]
[White "Reis, Renan do Carmo"]
[Black "Santos, Marcus Vinicius M"]
[Result "0-1"]
[ECO "B06"]
[WhiteElo "2254"]
[BlackElo "2367"]
[PlyCount "68"]
[EventDate "2016.??.??"]
[EventCountry "BRA"]
[TimeControl "5400+30"]

1. e4 g6 2. d4 Bg7 3. Nc3 d6 4. Be3 a6 5. Qd2 b5 6. a4 b4 7. Nd1 Nf6 8. f3 a5
9. c3 bxc3 10. bxc3 O-O 11. Nf2 Nbd7 12. Bd3 e5 13. Ne2 d5 14. O-O Ba6 15. Bxa6
Rxa6 16. Bg5 Qa8 17. dxe5 Nxe5 18. Bxf6 Bxf6 19. Qxd5 Qa7 20. Nd4 Rd8 21. Qa2
Qc5 22. f4 Nd3 23. e5 Nxf2 24. Rxf2 Be7 25. Rf3 Rb6 26. Raf1 Rdb8 27. Qe2 Rb1
28. Qd3 Rxf1+ 29. Rxf1 Rb3 30. Rf3 Ra3 31. Qe3 Rxa4 32. f5 Qc4 33. e6 Ra1+ 34.
Kf2 Bh4+ 0-1

[Event "82nd Brazilian-ch 2015"]
[Site "Rio de Janeiro"]
[Date "2016.01.16"]
[Round "10"]
[White "Souza, Rafael Cabral de"]
[Black "Choma, Ernani Francisco"]
[Result "1/2-1/2"]
[ECO "B33"]
[WhiteElo "2159"]
[BlackElo "2383"]
[PlyCount "86"]
[EventDate "2016.??.??"]
[EventCountry "BRA"]
[TimeControl "5400+30"]

1. e4 c5 2. Nf3 Nc6 3. Nc3 Nf6 4. d4 cxd4 5. Nxd4 e5 6. Ndb5 d6 7. Bg5 a6 8. Na3 b5 9. Nd5 Be7 10. Bxf6 Bxf6 11. c4 b4 12. Nc2 a5 13. Qf3 Be6 14. Rd1 a4 15.
Ndxb4 Nxb4 16. Nxb4 Qb8 17.
Qc3 Qb7 18. Bd3 Bd8 19. O-O Ba5 20. a3 O-O 21. Be2 Qb6 22. Qd2 Rfd8 23. b3 axb3 24. Rb1 Bxb4 25. Qxb4 Qc6 26. Qxb3 Qxe4 27. Rfe1 Rac8 28. Bd3 Qc6 29. Rbc1 Qc5 30. a4 Rb8 31. Qc2 g6 32. Rb1 Rdc8 33. Rxb8 Rxb8 34. Rb1 Rxb1+ 35. Qxb1 Bxc4 36. Bxc4 Qxc4 37. a5 Qa4 38. Qe1 Kf8 39. h3 Ke7 40. Qd2 Kd7 41. Qd5 Kc7 42. Qxf7+ Qd7 43. Qc4+ Qc6 1/2-1/2

[Event "82nd Brazilian-ch 2015"]
[Site "Rio de Janeiro"]
[Date "2016.01.17"]
[Round "11"]
[White "Choma, Ernani Francisco"]
[Black "Reis, Renan do Carmo"]
[Result "1-0"]
[ECO "A14"]
[WhiteElo "2383"]
[BlackElo "2254"]
[PlyCount "67"]
[EventDate "2016.??.??"]
[EventCountry "BRA"]
[TimeControl "5400+30"]

1. Nf3 Nf6 2. c4 e6 3. g3 d5 4. Bg2 Be7 5. O-O O-O 6. b3 d4 7. Bb2 c5 8. e3 Nc6
9. exd4 cxd4 10. Re1 Bc5 11. Ne5 Nxe5 12. Rxe5 Qd6 13. Rxc5 Qxc5 14. Ba3 Qf5
15. Bxf8 Kxf8 16. d3 e5 17. Qe2 Qg5 18. Nd2 Bg4 19. Qe1 Rb8 20. h3 Bh5 21. g4
Bg6 22. Nf3 Qf4 23. Qxe5 Qxe5 24. Nxe5 Re8 25. f4 h5 26. g5 Rxe5 27. fxe5 Nd7
28. Bxb7 Bxd3 29. Rd1 Nxe5 30. Kf2 Ke7 31. Re1 f6 32. Be4 Kd6 33. gxf6 gxf6 34.
Rd1 {Kd5} 1-0

[Event "82nd Brazilian-ch 2015"]
[Site "Rio de Janeiro"]
[Date "2016.01.17"]
[Round "11"]
[White "Barbosa, Evandro Amorim"]
[Black "Macedo, Maximo Iack"]
[Result "1/2-1/2"]
[ECO "C66"]
[WhiteElo "2461"]
[BlackElo "2316"]
[PlyCount "24"]
[EventDate "2016.??.??"]
[EventCountry "BRA"]
[TimeControl "5400+30"]

1. e4 e5 2. Nf3 Nc6 3. Bb5 Nf6 4. d3 d6 5. c3 Bd7 6. O-O g6 7. Nbd2 Bg7 8. Re1
O-O 9. Nf1 Nh5 10. Bg5 Qc8 11. Ne3 Nd8 12. Bc4 Ne6 1/2-1/2

[Event "82nd Brazilian-ch 2015"]
[Site "Rio de Janeiro"]
[Date "2016.01.17"]
[Round "11"]
[White "Brito, Luismar"]
[Black "Leitao, Rafael Duailibe"]
[Result "1/2-1/2"]
[ECO "B44"]
[WhiteElo "2235"]
[BlackElo "2633"]
[PlyCount "71"]
[EventDate "2016.??.??"]
[EventCountry "BRA"]
[TimeControl "5400+30"]

1. e4 c5 2. Nf3 Nc6 3. d4 cxd4 4. Nxd4 e6 5. Nb5 d6 6. Bf4 e5 7. Be3 a6 8. N5c3
Nf6 9. Nd2 Ng4 10. Nc4 Nxe3 11. Nxe3 Be7 12. Ncd5 O-O 13. h4 Be6 14. c3 g6 15.
g3 b5 16. Bg2 Rb8 17. a3 Qd7 18. O-O Bd8 19. Qd3 f5 20. Nb4 f4 21. Ned5 a5 22.
Nxc6 Qxc6 23. Rad1 Rb7 24. gxf4 Bxh4 25. f5 Bxd5 26. Qxd5+ Qxd5 27. Rxd5 gxf5
28. exf5 Rg7 29. f4 Rxf5 30. Rxb5 Rxf4 31. Rxa5 Rxf1+ 32. Kxf1 Rf7+ 33. Kg1
Bf2+ 34. Kh1 Rf4 35. Bd5+ Kg7 36. Kg2 1/2-1/2

[Event "82nd Brazilian-ch 2015"]
[Site "Rio de Janeiro"]
[Date "2016.01.17"]
[Round "11"]
[White "Santos, Marcus Vinicius M"]
[Black "Limp, Eduardo Thelio"]
[Result "1-0"]
[ECO "D31"]
[WhiteElo "2367"]
[BlackElo "2385"]
[PlyCount "83"]
[EventDate "2016.??.??"]
[EventCountry "BRA"]
[TimeControl "5400+30"]

1. d4 d5 2. c4 e6 3. Nc3 Bb4 4. cxd5 exd5 5. Bf4 Ne7 6. Qa4+ Nbc6 7. e3 O-O 8.
Nf3 a6 9. Be2 Rb8 10. O-O Bd6 11. Bg3 Bxg3 12. hxg3 Qd6 13. Rac1 Bf5 14. Qb3 b5
15. Qd1 f6 16. Ne1 Na5 17. Bd3 Nc4 18. Qe2 Qe6 19. b3 Nd6 20. Qc2 c6 21. Ne2
Rfc8 22. Nf4 Qf7 23. Bxf5 Nexf5 24. Ned3 g5 25. Ne2 Qh5 26. Nc5 Nh6 27. f3 Qe8
28. Qd3 Ra8 29. g4 f5 30. gxf5 Ndxf5 31. e4 Nh4 32. Qe3 Qe7 33. Ng3 Rf8 34.
Rce1 Rae8 35. Qd2 dxe4 36. Ncxe4 N6f5 37. Nh5 Kh8 38. Nef6 Qf7 39. Rxe8 Rxe8
40. Nxe8 Qxh5 41. Qe2 Ng6 42. Qe6 1-0